 Dungeon Crawl Stone Soup version 0.30-a0-21-g5d08c37080 (webtiles) character file.

Game seed: 9117120317106182551

1102 Nedwor the Cutter (level 8, -5/57 (61) HPs)
             Began as a Demonspawn Gladiator on Aug 24, 2022.
             Was an Initiate of Gozag.
             Slain by an ogre
             ... wielding a +0 giant club
              (21 damage)
             ... on level 5 of the Dungeon.
             The game lasted 00:11:02 (3626 turns).

Nedwor the Cutter (Demonspawn Gladiator)            Turns: 3626, Time: 00:11:02

HP:   -5/57 (61)    AC: 12    Str: 17    XL:     8   Next: 10%
MP:   8/8           EV: 10    Int: 10    God:    Gozag
Gold: 269           SH:  0    Dex: 21    Spells: 7/7 levels left

rFire   . . .      SeeInvis .    p - +1 short sword (elec)
rCold   + . .      Faith    +    (no shield)
rNeg    . . .      Spirit   .    d - +0 plate armour
rPois   .          Reflect  .    n - +0 helmet of Time Monsters {Harm Drain Regen+ Dex+7}
rElec   .          Harm     +    (no cloak)
rCorr   .          Rampage  .    (no gloves)
Will    .....                    (boots unavailable)
Stlth   ..........               x - amulet of faith
HPRegen 0.99/turn                u - ring of protection from cold
MPRegen 0.11/turn                (no ring)

@: gold aura, drained
A: hooves 3, repulsion field 2, spiny 1
a: Renounce Religion, Potion Petition, Call Merchant, Bribe Branch


You were on level 5 of the Dungeon.
You worshipped Gozag.
Gozag was aware of your devotion.
You visited 1 branch of the dungeon, and saw 6 of its levels.

You collected 349 gold pieces.
You paid 80 gold pieces to Gozag.

Inventory:

Hand Weapons
 p - a +1 short sword of electrocution (weapon)
Armour
 d - a +0 plate armour (worn)
 m - a +1 helmet
 n - the +0 helmet of Time Monsters (worn) {Harm Drain Regen+ Dex+7}
   (You found it on level 2 of the Dungeon)

   Dex:       It affects your dexterity (+7).
   Regen:     It increases your rate of health regeneration.
   Drain:     It drains your maximum health when unequipped.
   Harm:      It increases damage dealt and taken.
Jewellery
 u - a ring of protection from cold (left hand)
 x - an amulet of faith (around neck)
Scrolls
 a - 3 scrolls of identify
 b - a scroll of amnesia {unknown}
 g - a scroll of enchant weapon
 l - 3 scrolls of fear
 s - a scroll of poison
Potions
 c - a potion of might {unknown}
 f - 2 potions of heal wounds {unknown}
 h - 5 potions of flight
 i - 2 potions of cancellation
 r - a potion of resistance {unknown}
 t - a potion of brilliance {unknown}
 v - 2 potions of curing {unknown}


   Skills:
 + Level 4.6 Fighting
 * Level 6.1 Short Blades
 - Level 1.7 Throwing
 + Level 3.6 Armour
 + Level 4.6 Dodging


You had 7 spell levels left.
You didn't know any spells.
Your spell library contained the following spells:

 Spells                   Type           Power      Damage    Failure   Level
 Call Canine Familiar     Summ           0%         N/A       100%        3
 Gell's Gravitas          Tloc           0%         N/A       100%        3
 Portal Projectile        Hex/Tloc       0%         N/A       100%        3
 Teleport Other           Tloc           0%         N/A       100%        3
 Leda's Liquefaction      Hex/Erth       0%         N/A       100%        4
 Dispersal                Tloc           0%         N/A       100%        6


Dungeon Overview and Level Annotations

Branches:
Dungeon (6/15)             Temple (0/1) D:5

Altars:
Gozag

Shops:
D:3 =   D:5 [[[?[   D:6 (

Annotations:
D:1 2 transporters
D:6 Pikel


Innate Abilities, Weirdness & Mutations

You have hooves in place of feet.
You are surrounded by a moderate repulsion field. (EV +3)
You are partially covered in sharp spines.


Message History

You climb upwards.
There is a stone staircase leading down, spattered with blood here.
You hit the orc.
You kill the orc!
You now have 269 gold pieces (gained 6).
Things that are here:
a +0 club; a +0 giant club
Things that are here:
a +0 club; a +0 giant club
There is a stone staircase leading down, spattered with blood here.
You climb downwards.
You hear the hiss of flowing sand.
There is an entrance to an ossuary on this level.
Hurry and find it before the portal is buried!
Level annotation: Pikel The adder is struck by your spines.
The adder bites you. The ogre is struck by your spines.
The ogre hits you with a +0 giant club!
Pikel says, "You'll make a fine lemure."
The orc hits you with a +1 whip of draining.
You feel drained. The adder is struck by your spines.
The adder bites you but does no damage. The orc hits you but does no damage.
You feel drained.
Pikel is distracted by your dazzling golden aura.
Pikel shouts!
There is a stone staircase leading up, spattered with blood here.
The adder bites you.
The ogre hits you with a +0 giant club!!
* * * LOW HITPOINT WARNING * * *
The adder is struck by your spines.
You kill the adder!
The orc hits you but does no damage.
You feel drained.
You climb upwards.
There is a stone staircase leading down, spattered with blood here.
You barely miss the ogre.
The ogre is moderately wounded.
You barely miss the ogre.
The ogre is moderately wounded.
The orc misses you.
The ogre hits you with a +0 giant club!!
You die...
Your body crumbles into a pile of gold.

##.# ##.### ########.#....###
##.# #[.[.# ###...###### .#.#
#....# #...........
.#.#####....### #.#........[
.........##...# ###.##.#######
...#####.####.######...##.#......
...# #.# #........####.#.#####
...# #.# ####)o#######.#.#....
...# #[# #@O........#.#.###
...#####'#### ##########.#.#.#∩.
............# #.#.#.##.
..####...∩..# #.#.#....
..####......# #.#.#####
....##......# #.#......
....##......# #.#######
....##...)..# #........
....##......# ###.#####


You could see an ogre and an orc.

Vanquished Creatures
  The ghost of BritishOli the Trooper, an amateur DsFi (D:4)
  An orc warrior (D:4)
  2 ice beasts (D:5)
  An ogre (D:5)
  A phantom (D:5)
  4 lemures (D:5)
  3 scorpions (D:5)
  A jelly (D:5)
  A gnoll bouda (D:5)
  3 iguanas
  An orc wizard (D:5)
  Robin (D:3)
  5 adders
  4 gnolls (D:5)
  3 ufetubi (D:5)
  2 worms
  A dart slug (D:4)
  9 orcs
  4 bats
  2 endoplasms
  3 giant cockroaches
  9 goblins
  11 hobgoblins
  9 jackals (D:4)
  2 kobolds (D:4)
  3 quokkas
  8 ball pythons
  3 rats
98 creatures vanquished.

Vanquished Creatures (others)
  6 fungi (D:3)
6 creatures vanquished.

Grand Total: 104 creatures vanquished

Notes
Turn   | Place    | Note
-------+----------+-------------------------------------------
     0 | D:1      | Nedwor the Demonspawn Gladiator began the quest for the
                  | Orb.
     0 | D:1      | Reached XP level 1. HP: 16/16 MP: 1/1
   437 | D:1      | Found a faded altar of an unknown god.
   491 | D:1      | Gained mutation: You are surrounded by a mild repulsion
                  | field. (EV +2) [demonic ancestry]
   491 | D:1      | Reached XP level 2. HP: 22/22 MP: 2/2
   693 | D:1      | Reached skill level 3 in Short Blades
  1043 | D:2      | Identified the +0 helmet of Time Monsters {Harm Drain
                  | Regen+ Dex+7}
  1141 | D:2      | You fall into a shaft and drop 1 floor!
  1337 | D:3      | Reached XP level 3. HP: 28/28 MP: 3/3
  1341 | D:3      | Found Suxtemerph's Jewellery Emporium.
  1412 | D:3      | Noticed Robin
  1420 | D:3      | Reached skill level 1 in Armour
  1428 | D:3      | Killed Robin
  1866 | D:4      | Gained mutation: You are surrounded by a moderate repulsion
                  | field. (EV +3) [demonic ancestry]
  1866 | D:4      | Reached XP level 4. HP: 34/34 MP: 4/4
  2125 | D:4      | Found a runed translucent gate.
  2125 | D:4      | Found a runed translucent gate.
  2125 | D:4      | Found a runed translucent gate.
  2127 | D:4      | Found an opulent altar of Gozag.
  2129 | D:4      | Noticed an orc warrior
  2129 | D:4      | Noticed BritishOli's ghost (amateur DsFi)
  2250 | D:4      | Gained mutation: You have large cloven feet. [demonic
                  | ancestry]
  2250 | D:4      | Reached XP level 5. HP: 40/40 MP: 5/5
  2520 | D:4      | Killed an orc warrior
  2521 | D:4      | Reached skill level 4 in Short Blades
  2524 | D:4      | Killed BritishOli's ghost
  2525 | D:4      | Gained mutation: You are partially covered in sharp spines.
                  | [demonic ancestry]
  2525 | D:4      | Reached XP level 6. HP: 32/47 MP: 6/6
  2574 | D:5      | Entered Level 5 of the Dungeon
  2588 | D:5      | Reached skill level 5 in Short Blades
  2627 | D:5      | Gained mutation: You have hoof-like feet. [demonic
                  | ancestry]
  2627 | D:5      | Reached XP level 7. HP: 53/53 MP: 7/7
  2651 | D:5      | Found Ebris's Antique Armour Emporium.
  2703 | D:5      | Found Onil's Antique Armour Shop.
  2877 | D:4      | Became a worshipper of Gozag Ym Sagoz the Greedy
  2993 | D:5      | Found Lugagy's Armour Emporium.
  3033 | D:5      | Found Gyzxi Nybba's Magic Scroll Emporium.
  3062 | D:5      | Found Mitzug's Antique Armour Shoppe.
  3503 | D:5      | Found a staircase to the Ecumenical Temple.
  3555 | D:6      | Noticed Pikel
  3555 | D:6      | Found Mim Numn's Antique Weapon Boutique.
  3568 | D:5      | Reached skill level 6 in Short Blades
  3568 | D:5      | Gained mutation: You have hooves in place of feet. [demonic
                  | ancestry]
  3568 | D:5      | Reached XP level 8. HP: 51/61 MP: 8/8
  3626 | D:5      | Slain by an ogre

Illustrated notes

Levels and vault maps discovered:
D:1:      spicycebolla_arrival_transporter_tutorial, layout_basic,
          nicolae_ecumenical_snake_handling, serial_park_tiny_pond
D:2:      layout_rooms
D:3:      layout_basic, serial_shops, shop, minmay_misc_feat_plants,
          dreamdust_mushroom_princess, uniq_robin
D:4:      layout_basic, ebering_ghost_gozag
D:5:      layout_basic, temple_hall, serial_shops, nicolae_shop_trees, shop,
          nicolae_shop_stone, nicolae_inconvenience_store, shop
D:6:      layout_rooms, serial_shops, nicolae_shop_waterfront,
          nicolae_shop_bloodbath_and_beyond, nicolae_shop_trees,
          enter_ossuary_5, minmay_circle_x, uniq_pikel

Skill      XL: |  1  2  3  4  5  6  7 |
---------------+----------------------+-----
Short Blades   | 3 4 5 6 |  6.1
Dodging        | 3 4 |  4.6
Armour         | 1 2 3 |  3.6
Fighting       | 3 4 |  4.6
Throwing       | |  1.7

Action                   |  1- 3 |  4- 6 |  7- 9 || total
-------------------------+-------+-------+-------++-------
Melee: Rapier            |    34 |       |       ||    34
       Short sword       |    66 |   105 |    89 ||   260
       Punch             |     1 |       |     2 ||     3
       Kick              |       |     8 |    26 ||    34
  Use: Scroll            |       |    10 |     2 ||    12
Armor: Leather armour    |     5 |       |       ||     5
       Ring mail         |    20 |    19 |     8 ||    47
       Plate armour      |       |       |    25 ||    25
Dodge: Dodged            |    80 |    67 |    44 ||   191

Table legend: (Time is in decaauts)
 A = Elapsed time spent in this place.
 B = Non-inter-level travel time spent in this place.
 C = Inter-level travel time spent in this place.
 D = Time resting spent in this place.
 E = Time spent auto-exploring this place.
 F = Levels seen in this place.
 G = Mean time per level.
                   A        B        C        D        E       F      G
               +--------+--------+--------+--------+--------+-----+--------+
         Total |   3602 |   3360 |    242 |     36 |   2586 |   6 |  600.3 |
       Dungeon |   3602 |   3360 |    242 |     36 |   2586 |   6 |  600.3 |
               +--------+--------+--------+--------+--------+-----+--------+

Top non-repeatable levels by time:
     D:1: 1035 daAuts
     D:5: 971 daAuts
     D:4: 767 daAuts
     D:3: 703 daAuts
     D:2: 107 daAuts
     D:6: 16 daAuts
